cohdb
Replays
Latest Replays
All Replays
Popular Replays
Top Player Replays
Match Explorer
How It Works
Community
CoH3 Stats
Reddit
Sign in to upload your games and track your stats! →
Sign in with Steam
Match 45428937
Unlisted
Match 45428937
Overview
Messages
Build Orders
End
Construct Barracks
Riflemen Squad
Riflemen Squad
Selects Advanced Infantry Battlegroup
Construct Weapon Support Center
Riflemen Squad
Selects Convert to Ranger Squad
Convert to Ranger Squad
Infantry Support Center
Selects Frontline Medical Station
Frontline Medical Station
Grenade Package
Advanced Logistics
Convert to Ranger Squad
Engineer Squad
Selects Infantry Assault
Convert to Ranger Squad
Selects Ammunition Storage
Infantry Assault
Selects M2A1 105mm Howitzer Emplacement
Infantry Assault
Improved M9 Bazooka Rockets
Survival Training
Infantry Assault
Selects 155mm Rapid Artillery Barrage
Infantry Assault
Construct Motor Pool
M1 Anti-tank Gun Team
155mm Rapid Artillery Barrage
M1 Anti-tank Gun Team
Tanzeel
Traders
StormblasT
sameenhassan10
DonaldD.
Jester Two Coins
GG Shermi
ionwood
0
0
Comments
sign in to comment!
No comments posted yet!